3AAA
SALT LAKE CITY BUZZ @ MILTON DOGFISH HEAD
08/21/2039
 
TOP OF THE 1ST
Salt Lake City Buzz batting - Pitching for Milton Dogfish Head : RHP Alberto Ortíz
Pitching: RHP Alberto Ortíz
Batting: LHB Glenn Lockhart 0-0: Foul Ball, location: 2F
0-1: Ball
1-1: Foul Ball, location: 2F
1-2: SINGLE (Line Drive, 78S, EV 90.6 MPH)
Batting: SHB Cheong-hun Kang 0-0: Ball
Glenn Lockhart steals 2nd base
1-0: Swinging Strike
1-1: Hit by Pitch
Batting: SHB Fa-hsien Tze 0-0: Called Strike
0-1: Called Strike
0-2: Ball
1-2: Foul Ball, location: 2F
1-2: SINGLE (Groundball, 6M, EV 110.0 MPH)
Glenn Lockhart to third
Cheong-hun Kang to second
Batting: RHB Falco Opsteegh 0-0: Fly out, F7 (Flyball, 78S, EV 91.2 MPH)
Runner from 3rd tags up, SCORES, throw by LF
Cheong-hun Kang to third
Batting: LHB Bob Daugherty 0-0: Called Strike
Fa-hsien Tze steals 2nd base
0-1: Foul Ball, location: 2F
0-2: Foul Ball, location: 2F
0-2: Ball
1-2: Ball
2-2: Fly out, F8 (Flyball, 8RS, EV 73.8 MPH)
Batting: RHB Alexis Hines 0-0: Swinging Strike
0-1: Ball
1-1: Ball
2-1: Foul Ball, location: 2F
2-2: Foul Ball, location: 2F
2-2: Ground out 1-3 (Groundball, 34S, EV 90.0 MPH)
Top of the 1st over - 1 run, 2 hits, 0 errors, 2 left on base; Salt Lake City 1 - Milton 0
BOTTOM OF THE 1ST
Milton Dogfish Head batting - Pitching for Salt Lake City Buzz : LHP Javier Desdin
Pitching: LHP Javier Desdin
Batting: LHB Oasiz Wiesblatt 0-0: Ball
1-0: Ball
2-0: Ball
3-0: Called Strike
3-1: Foul Ball, location: 2F
3-2: Base on Balls
Batting: RHB Lawrence O'Neal 0-0: Ball
1-0: Swinging Strike
1-1: DOUBLE (Line Drive, 3D, EV 97.5 MPH)
Oasiz Wiesblatt to third
Batting: RHB William Penn 0-0: Called Strike
0-1: Foul Ball, location: 2F
0-2: Reached on error, E6 (Groundball, 6, EV 101.9 MPH)
Oasiz Wiesblatt scores
Lawrence O'Neal scores
Batting: RHB Carsello Scruggins 0-0: Called Strike
0-1: Swinging Strike
0-2: Ball
1-2: Foul Ball, location: 2F
1-2: Strikes out swinging
Batting: LHB António González 0-0: Called Strike
0-1: 2-RUN HOME RUN (Flyball, 9LD, EV 97.5 MPH), Distance : 351 ft
Batting: LHB Seika Hagiwara 0-0: Ball
1-0: Foul Ball, location: 2F
1-1: Ball
2-1: Swinging Strike
2-2: Strikes out looking
Batting: SHB Juan Carlos Santos 0-0: Called Strike
0-1: Foul Ball, location: 2F
0-2: Ball
1-2: Foul Ball, location: 2F
1-2: Ball
2-2: Ground out 6-3 (Groundball, 6M, EV 102.5 MPH)
Bottom of the 1st over - 4 runs, 2 hits, 1 error, 0 left on base; Salt Lake City 1 - Milton 4
TOP OF THE 2ND
Salt Lake City Buzz batting - Pitching for Milton Dogfish Head : RHP Alberto Ortíz
Batting: RHB Fontana Contaldo 0-0: Called Strike
0-1: Ball
1-1: Ground out 4-3 (Groundball, 4, EV 81.2 MPH)
Batting: RHB Scott Ramsey 0-0: Ball
1-0: Foul Ball, location: 2F
1-1: Swinging Strike
1-2: SINGLE (Line Drive, 7S, EV 106.9 MPH)
Batting: RHB Tom Bancroft 0-0: Ball
1-0: Swinging Strike
1-1: Ball
2-1: Ball
3-1: Base on Balls
Scott Ramsey to second
Batting: LHB Glenn Lockhart 0-0: DOUBLE (Line Drive, 89XD, EV 103.1 MPH)
Scott Ramsey scores
Tom Bancroft to third
Runner from 3rd tries for Home, SAFE, throw by CF to trailing runner, SAFE at third!
Batting: SHB Cheong-hun Kang 0-0: Ball
1-0: Called Strike
1-1: Ball
2-1: Swinging Strike
2-2: Strikes out swinging
Batting: SHB Fa-hsien Tze 0-0: Foul Ball, location: 2F
0-1: Swinging Strike
0-2: Foul Ball, location: 2F
0-2: Foul Ball, location: 2F
0-2: Ball
1-2: Foul Ball, location: 2F
1-2: Ground out 6-3 (Groundball, 6, EV 88.8 MPH)
Top of the 2nd over - 2 runs, 2 hits, 0 errors, 1 left on base; Salt Lake City 3 - Milton 4
BOTTOM OF THE 2ND
Milton Dogfish Head batting - Pitching for Salt Lake City Buzz : LHP Javier Desdin
Batting: RHB David Austin 0-0: Ball
1-0: Ground out 4-3 (Groundball, 34, EV 105.0 MPH)
Batting: RHB Troy Flynn 0-0: Foul Ball, location: 2F
0-1: Ball
1-1: Swinging Strike
1-2: Ball
2-2: Foul Ball, location: 2F
2-2: Fly out, F7 (Flyball, 7, EV 91.9 MPH)
Batting: LHB Oasiz Wiesblatt 0-0: Ball
1-0: Called Strike
1-1: Ball
2-1: Foul Ball, location: 2F
2-2: Ball
3-2: Fly out, F8 (Line Drive, 8LD, EV 103.8 MPH)
Bottom of the 2nd over - 0 runs, 0 hits, 0 errors, 0 left on base; Salt Lake City 3 - Milton 4
TOP OF THE 3RD
Salt Lake City Buzz batting - Pitching for Milton Dogfish Head : RHP Alberto Ortíz
Batting: RHB Falco Opsteegh 0-0: Ball
1-0: Ball
2-0: Foul Ball, location: 2F
2-1: Foul Ball, location: 2F
2-2: Foul Ball, location: 2F
2-2: Foul Ball, location: 2F
2-2: SINGLE (Groundball, 34, EV 98.8 MPH) (infield hit)
Batting: LHB Bob Daugherty 0-0: Fielders Choice at 2nd, 1-6 (Groundball, 34S, EV 84.4 MPH)
Batting: RHB Alexis Hines 0-0: Foul Ball, location: 2F
0-1: Ball
1-1: SINGLE (Groundball, 4D, EV 99.4 MPH)
Bob Daugherty to second
Runner from 2nd tries for 3rd, SAFE, no throw by RF
Pinch Runner at 3rd Fytor Ceia:
Batting: RHB Fontana Contaldo 0-0: Swinging Strike
0-1: Ball
1-1: SINGLE (Line Drive, 9S, EV 101.9 MPH)
Fytor Ceia scores
Alexis Hines to second
Batting: RHB Scott Ramsey 0-0: Called Strike
0-1: Swinging Strike
0-2: Strikes out looking
Batting: RHB Tom Bancroft 0-0: Ball
1-0: SINGLE (Groundball, 3D, EV 105.6 MPH)
Alexis Hines to third
Fontana Contaldo to second
Runner from 3rd tries for Home, SAFE, throw by RF to home
Fontana Contaldo to third
Tom Bancroft to second
Batting: LHB Glenn Lockhart 0-0: Foul Ball, location: 2F
0-1: Ball
1-1: Ball
2-1: Fly out, F6 (Popup, P, EV 83.1 MPH)
Top of the 3rd over - 2 runs, 4 hits, 0 errors, 2 left on base; Salt Lake City 5 - Milton 4
BOTTOM OF THE 3RD
Milton Dogfish Head batting - Pitching for Salt Lake City Buzz : LHP Javier Desdin
Now in LF: Germán Espantoso
Batting: RHB Lawrence O'Neal 0-0: Ball
1-0: Ball
2-0: Ball
3-0: Base on Balls
Batting: RHB William Penn 0-0: Foul Ball, location: 2F
0-1: Fly out, F9 (Flyball, 9LS, EV 91.9 MPH)
Batting: RHB Carsello Scruggins 0-0: Foul Ball, location: 2F
0-1: Ball
1-1: Ball
2-1: SINGLE (Groundball, 56D, EV 95.6 MPH)
Lawrence O'Neal to second
Batting: LHB António González 0-0: Ball
1-0: Swinging Strike
1-1: SINGLE (Groundball, 34D, EV 95.6 MPH)
Lawrence O'Neal to third
Carsello Scruggins to second
Batting: LHB Seika Hagiwara 0-0: Ball
1-0: Ball
2-0: Ball
3-0: Base on Balls
Lawrence O'Neal scores
Carsello Scruggins to third
António González to second
Batting: SHB Juan Carlos Santos 0-0: Ball
1-0: Foul Ball, location: 2F
1-1: Ball
2-1: Fly out, F8 (Line Drive, 8RM, EV 98.8 MPH)
Runner from 3rd tags up, SCORES, no throw by CF
Batting: RHB David Austin 0-0: Called Strike
0-1: Foul Ball, location: 2F
0-2: Fly out, F3 (Popup, 34S, EV 76.2 MPH)
Bottom of the 3rd over - 2 runs, 2 hits, 0 errors, 2 left on base; Salt Lake City 5 - Milton 6
TOP OF THE 4TH
Salt Lake City Buzz batting - Pitching for Milton Dogfish Head : RHP Alberto Ortíz
Batting: SHB Cheong-hun Kang 0-0: Ball
1-0: Foul Ball, location: 2F
1-1: Ball
2-1: Called Strike
2-2: Foul Ball, location: 2F
2-2: Ball
3-2: Foul Ball, location: 2F
3-2: Base on Balls
Batting: SHB Fa-hsien Tze 0-0: Ball
1-0: SINGLE (Line Drive, 6D, EV 100.6 MPH)
Cheong-hun Kang to second
Runner from 2nd tries for 3rd, SAFE, throw by CF made to third
Batting: RHB Falco Opsteegh 0-0: Ball
1-0: Ball
2-0: Ball
3-0: Foul Ball, location: 2F
3-1: Fly out, F5 (Popup, 25F, EV 83.8 MPH)
Batting: RHB Germán Espantoso 0-0: Called Strike
0-1: Swinging Strike
0-2: Ball
1-2: Fielders Choice at 2nd, 4-6 (Groundball, 4, EV 78.8 MPH)
Cheong-hun Kang scores
Batting: RHB Alexis Hines 0-0: Ball
Germán Espantoso is caught stealing 2nd base 2-4
Top of the 4th over - 1 run, 1 hit, 0 errors, 0 left on base; Salt Lake City 6 - Milton 6
BOTTOM OF THE 4TH
Milton Dogfish Head batting - Pitching for Salt Lake City Buzz : LHP Javier Desdin
Batting: RHB Troy Flynn 0-0: Called Strike
0-1: Ground out 2-3 (Groundball, 2R, EV 69.4 MPH)
Batting: LHB Oasiz Wiesblatt 0-0: Ball
1-0: Foul Ball, location: 2F
1-1: Called Strike
1-2: Ball
2-2: Ball
3-2: Fly out, F8 (Flyball, 89D, EV 81.9 MPH)
Batting: RHB Lawrence O'Neal 0-0: Called Strike
0-1: SINGLE (Groundball, 56D, EV 97.5 MPH)
Pitching: RHP Jing Hsi
Batting: RHB William Penn 0-0: Ball
1-0: Ball
2-0: Called Strike
2-1: Called Strike
2-2: Strikes out looking
Bottom of the 4th over - 0 runs, 1 hit, 0 errors, 1 left on base; Salt Lake City 6 - Milton 6
TOP OF THE 5TH
Salt Lake City Buzz batting - Pitching for Milton Dogfish Head : RHP Alberto Ortíz
Batting: RHB Alexis Hines 0-0: Ball
1-0: Ball
2-0: Called Strike
2-1: Foul Ball, location: 2F
2-2: Ball
3-2: SINGLE (Groundball, 6MD, EV 94.4 MPH)
Pitching: RHP Ricky O'Toole
Batting: RHB Fontana Contaldo 0-0: Bunted foul
0-1: Sac Bunt to 23 - play at first, batter OUT! 3-4
Alexis Hines to second
Batting: RHB Scott Ramsey 0-0: Ball
1-0: Ball
2-0: Ground out 5-3 (Groundball, 56S, EV 78.8 MPH)
Batting: RHB Tom Bancroft 0-0: Called Strike
0-1: Ball
1-1: Fly out, F8 (Line Drive, 8LD, EV 86.9 MPH)
Top of the 5th over - 0 runs, 1 hit, 0 errors, 1 left on base; Salt Lake City 6 - Milton 6
BOTTOM OF THE 5TH
Milton Dogfish Head batting - Pitching for Salt Lake City Buzz : RHP Jing Hsi
Batting: RHB Carsello Scruggins 0-0: Ball
1-0: Ball
2-0: Ball
3-0: Called Strike
3-1: Called Strike
3-2: Base on Balls
Batting: LHB António González 0-0: Ball
Carsello Scruggins steals 2nd, throwing error, E2
Carsello Scruggins to third
1-0: Ball
2-0: SINGLE (Groundball, 3D, EV 100.6 MPH)
Carsello Scruggins scores
Batting: LHB Seika Hagiwara 0-0: Sac Bunt to 23 - play at first, batter OUT! 3-4
António González to second
Batting: SHB Juan Carlos Santos 0-0: Called Strike
0-1: Fly out, F8 (Flyball, 89D, EV 80.0 MPH)
Runner from 2nd tags up, SAFE at 3rd, no throw by CF
Batting: RHB David Austin 0-0: Ball
1-0: Ball
2-0: Ball
3-0: Base on Balls
Batting: RHB Troy Flynn 0-0: Ball
1-0: Foul Ball, location: 2F
1-1: Ball
2-1: Swinging Strike
2-2: Strikes out looking
Bottom of the 5th over - 1 run, 1 hit, 1 error, 2 left on base; Salt Lake City 6 - Milton 7
TOP OF THE 6TH
Salt Lake City Buzz batting - Pitching for Milton Dogfish Head : RHP Ricky O'Toole
Batting: LHB Glenn Lockhart 0-0: Swinging Strike
0-1: Foul Ball, location: 2F
0-2: Strikes out swinging
Batting: SHB Cheong-hun Kang 0-0: Ball
1-0: Called Strike
1-1: SINGLE (Groundball, 56D, EV 94.4 MPH)
Batting: SHB Fa-hsien Tze 0-0: Called Strike
0-1: Called Strike
0-2: Ball
1-2: Foul Ball, location: 2F
1-2: Ball
2-2: Ball
3-2: Base on Balls
Cheong-hun Kang to second
Batting: RHB Falco Opsteegh 0-0: Ball
1-0: Fly out, F9 (Line Drive, 9D, EV 90.6 MPH)
Runner from 2nd tags up, SAFE at 3rd, no throw by RF
Batting: RHB Germán Espantoso 0-0: Ground out 2-3 (Groundball, 15S, EV 63.1 MPH)
Top of the 6th over - 0 runs, 1 hit, 0 errors, 2 left on base; Salt Lake City 6 - Milton 7
BOTTOM OF THE 6TH
Milton Dogfish Head batting - Pitching for Salt Lake City Buzz : RHP Jing Hsi
Batting: LHB Oasiz Wiesblatt 0-0: Foul Ball, location: 2F
0-1: SINGLE (Line Drive, 7S, EV 111.2 MPH)
Batting: RHB Lawrence O'Neal 0-0: Foul Ball, location: 2F
0-1: Foul Ball, location: 2F
0-2: Ball
1-2: Fly out, F7 (Flyball, 7S, EV 81.9 MPH)
Pitching: RHP Pang Qin
Batting: RHB William Penn 0-0: Ball
1-0: Called Strike
1-1: Called Strike
1-2: SINGLE (Line Drive, 4M, EV 98.8 MPH)
Oasiz Wiesblatt to second
Batting: RHB Carsello Scruggins 0-0: Called Strike
0-1: Ball
1-1: Swinging Strike
1-2: Strikes out swinging
Batting: LHB António González 0-0: Swinging Strike
0-1: Ball
1-1: Ground out 3-1 (Groundball, 34S, EV 90.0 MPH)
Bottom of the 6th over - 0 runs, 2 hits, 0 errors, 2 left on base; Salt Lake City 6 - Milton 7
TOP OF THE 7TH
Salt Lake City Buzz batting - Pitching for Milton Dogfish Head : RHP Ricky O'Toole
Batting: RHB Alexis Hines 0-0: Foul Ball, location: 2F
0-1: Fly out, F9 (Flyball, 9S, EV 80.6 MPH)
Batting: RHB Fontana Contaldo 0-0: Called Strike
0-1: Ground out 5-3 (Groundball, 5S, EV 89.4 MPH)
Batting: RHB Scott Ramsey 0-0: Foul Ball, location: 2F
0-1: Foul Ball, location: 2F
0-2: Foul Ball, location: 2F
0-2: Ball
1-2: Ball
2-2: Fly out, F3 (Popup, 3SF, EV 82.5 MPH)
Top of the 7th over - 0 runs, 0 hits, 0 errors, 0 left on base; Salt Lake City 6 - Milton 7
BOTTOM OF THE 7TH
Milton Dogfish Head batting - Pitching for Salt Lake City Buzz : RHP Pang Qin
Batting: LHB Seika Hagiwara 0-0: Ball
1-0: Ball
2-0: Ball
3-0: Base on Balls
Batting: SHB Juan Carlos Santos 0-0: Ball
1-0: Fielders Choice at 2nd, 1-6 (Groundball, 13S, EV 64.4 MPH)
Batting: RHB David Austin 0-0: Ball
1-0: Ball
2-0: Swinging Strike
2-1: Ball
3-1: Swinging Strike
3-2: Fielders Choice at 2nd, 6-4 (Groundball, 6, EV 90.0 MPH)
Batting: RHB Troy Flynn 0-0: Foul Ball, location: 2F
0-1: Ball
1-1: Ground out 5-3 (Groundball, 56S, EV 83.8 MPH)
Bottom of the 7th over - 0 runs, 0 hits, 0 errors, 1 left on base; Salt Lake City 6 - Milton 7
TOP OF THE 8TH
Salt Lake City Buzz batting - Pitching for Milton Dogfish Head : RHP Ricky O'Toole
Batting: RHB Tom Bancroft 0-0: Ball
1-0: Ball
2-0: Called Strike
2-1: SINGLE (Popup, 3D, EV 70.0 MPH)
Pitching: RHP Jonathan Lentz
Batting: LHB Glenn Lockhart 0-0: Ball
1-0: Sac Bunt to 13 - play at second, runner OUT! 1-6
Batting: SHB Cheong-hun Kang 0-0: Called Strike
0-1: SINGLE (Groundball, 4MD, EV 102.5 MPH)
Glenn Lockhart to second
Batting: SHB Fa-hsien Tze 0-0: Ball
1-0: Swinging Strike
1-1: Grounds into double play, 6-4-3 (Groundball, 6, EV 77.5 MPH)
Top of the 8th over - 0 runs, 2 hits, 0 errors, 1 left on base; Salt Lake City 6 - Milton 7
BOTTOM OF THE 8TH
Milton Dogfish Head batting - Pitching for Salt Lake City Buzz : RHP Pang Qin
Batting: LHB Oasiz Wiesblatt 0-0: Ball
1-0: Foul Ball, location: 2F
1-1: Called Strike
1-2: Ground out 4-3 (Groundball, 4, EV 84.4 MPH)
Batting: RHB Lawrence O'Neal 0-0: Called Strike
0-1: Foul Ball, location: 2F
0-2: Strikes out looking
Batting: RHB William Penn 0-0: Foul Ball, location: 2F
0-1: Called Strike
0-2: Ball
1-2: Foul Ball, location: 2F
1-2: Strikes out swinging
Bottom of the 8th over - 0 runs, 0 hits, 0 errors, 0 left on base; Salt Lake City 6 - Milton 7
TOP OF THE 9TH
Salt Lake City Buzz batting - Pitching for Milton Dogfish Head : RHP Jonathan Lentz
Batting: RHB Falco Opsteegh 0-0: Called Strike
0-1: SINGLE (Groundball, 13S, EV 70.6 MPH) (infield hit)
Pinch Hitting: LHB Antoine Studdard 0-0: Foul Ball, location: 2F
0-1: Called Strike
0-2: Ball
1-2: Strikes out swinging
Batting: RHB Alexis Hines 0-0: Called Strike
0-1: Foul Ball, location: 2F
0-2: Foul Ball, location: 2F
0-2: Strikes out looking
Batting: RHB Fontana Contaldo 0-0: Called Strike
0-1: Ball
1-1: Foul Ball, location: 2F
1-2: Ball
2-2: Strikes out swinging
Top of the 9th over - 0 runs, 1 hit, 0 errors, 1 left on base; Salt Lake City 6 - Milton 7
Wednesday, July 8th, 2020 - OOTP Baseball 20.8 Build 74